 Dungeon Crawl Stone Soup version 0.30-a0-847-g17996783a1 (webtiles) character file.

Game seed: 52403561214297941

916 jasper the Thaumaturge (level 7, -1/36 HPs)
             Began as a Deep Elf Venom Mage on Mar 3, 2023.
             Was a Follower of Vehumet.
             Slain by a jelly (3 damage)
             ... on level 5 of the Dungeon.
             The game lasted 00:09:51 (4592 turns).

jasper the Thaumaturge (Deep Elf Venom Mage)        Turns: 4592, Time: 00:09:51

Health: -1/36      AC: -3    Str:  5    XL:     7   Next: 83%
Magic:  30/31      EV: 12    Int: 22    God:    Vehumet [*.....]
Gold:   189        SH:  0    Dex: 10    Spells: 11/25 levels left

rFire   . . .      SeeInvis .    c - +0 short sword (spect)
rCold   . . .      Faith    .    (no shield)
rNeg    . . .      Spirit   .    a - +0 robe
rPois   .          Reflect  .    t - +0 helmet
rElec   +          Rampage  .    (no cloak)
rCorr   +                        l - +1 pair of gloves
Will    +++..                    (no boots)
Stlth   ++                       (no amulet)
HPRegen 0.26/turn                j - ring of the Morning {rElec Will++ rCorr MP+9 Dex-5}
MPRegen 0.22/turn                r - ring of willpower

@: corroded
A: no striking features
a: Renounce Religion


You were on level 5 of the Dungeon.
You worshipped Vehumet.
Vehumet was aware of your devotion.
You visited 1 branch of the dungeon, and saw 5 of its levels.

You collected 244 gold pieces.
You spent 55 gold pieces at shops.

Inventory:

Hand Weapons
 c - a +0 spectral short sword (weapon)
 e - a +2 dagger of speed
Armour
 a - a +0 robe (worn)
 l - a +1 pair of gloves (worn)
 t - a +0 helmet (worn)
Jewellery
 g - a +4 ring of slaying
 j - the ring of the Morning (left hand) {rElec Will++ rCorr MP+9 Dex-5}
   (You found it on level 2 of the Dungeon)

   [ring of magical power]

   Dex:       It affects your dexterity (-5).
   rElec:     It insulates you from electricity.
   MP:        It affects your magic capacity (+9).
   rCorr:     It protects you from acid and corrosion.
   Will:      It greatly increases your willpower.
 o - a ring of fire
 r - a ring of willpower (right hand)
Wands
 s - a wand of roots (12)
Scrolls
 n - 2 scrolls of teleportation
 p - a scroll of vulnerability
 u - 3 scrolls of enchant armour
 v - a scroll of identify
Potions
 b - 2 potions of magic
 d - a potion of lignification
 h - a potion of degeneration
 i - a potion of curing {unknown}
 k - 2 potions of mutation {unknown}
 m - 2 potions of attraction {unknown}
 q - a potion of flight {unknown}


   Skills:
 - Level 2.4 Dodging
 - Level 2.4 Stealth
 * Level 9.5 Spellcasting
 - Level 1.0 Conjurations
 - Level 4.0 Transmutations
 - Level 1.0 Air Magic
 + Level 5.4 Poison Magic


You had 11 spell levels left.
You knew the following spells:

 Your Spells              Type           Power      Damage    Failure   Level
a - Sting                 Tmut/Pois      100%       1d8       1%          1
c - Mephitic Cloud        Conj/Pois/Air  21%        N/A       7%          3
d - Olgreb's Toxic Radia  Pois           34%        N/A       7%          4
e - Apportation           Tloc           20%        N/A       6%          1
f - Alistair's Intoxicat  Tmut/Pois      20%        N/A       26%         5

Your spell library contained the following spells:

 Spells                   Type           Power      Damage    Failure   Level
 Kiss of Death            Conj/Necr      48%        2d9       5%          1
 Poisonous Vapours        Pois/Air       48%        N/A       2%          2
 Gell's Gravitas          Tloc           10%        N/A       19%         3
 Teleport Other           Tloc           10%        N/A       19%         3
 Dispersal                Tloc           5%         N/A       100%        6


Dungeon Overview and Level Annotations

Branches:
Dungeon (5/15)
 Temple: D:4-7

Altars:
Uskayaw
Vehumet

Shops:
D:1 =   D:2 ?   D:4 [


Message History

* * * LOW HITPOINT WARNING * * *
You take 1 damage, and have 10/36 hp.
You bump into the rock wall.
The jelly closely misses you.
You regained 4 hp, and now have 14/36 hp.
You bump into the rock wall.
The jelly looks more healthy.
The jelly hits you.
You are splashed with acid.
You resist.
You barely miss the jelly.
The jelly is severely wounded.
Your +0 spectral short sword hits the jelly.
Your +0 spectral short sword is burned by acid!
You feel less invigorated.
You feel less confused. The jelly hits you.
You are splashed with acid.
You resist.
* * * LOW HITPOINT WARNING * * *
You take 5 damage, and have 9/36 hp.
Aiming: Sting (safe; 1% risk of failure)
Press: ? - help, Q - select action, (/) - cycle Shift-Dir - straight line, f/p - jelly
Aim: a jelly (almost dead, 100% to hit)
The sting hits the jelly.
The jelly partially resists.
The jelly is almost dead.
The jelly hits you.
* * * LOW HITPOINT WARNING * * *
You are splashed with acid.
You resist.
* * * LOW HITPOINT WARNING * * *
You take 6 damage, and have 3/36 hp.
You now have 30/31 mp.
You hit the jelly but do no damage.
Your hands burn!
* * * LOW HITPOINT WARNING * * *
The jelly is almost dead.
Your +0 spectral short sword hits the jelly but does no damage.
Your +0 spectral short sword is burned by acid!
Your spectral weapon shares its damage with you!
The jelly completely misses your +0 spectral short sword.
You take 2 damage, and have 1/36 hp.
Aiming: Sting (safe; 1% risk of failure)
Press: ? - help, Q - select action, (/) - cycle Shift-Dir - straight line, f/p - jelly
Aim: a jelly (almost dead, not watching you, 100% to hit)
The sting hits the jelly.
The jelly is poisoned.
The jelly is almost dead.
The jelly hits you.
You die...

#.......#.+..)).
#+#...#+#.#####)
#...#.....#.#.
##.##.....+... .
#...#.....#... #.###
#+#...#'#.####.. #.'...
#.......#.'.#..#
###...#####...#####...##
#.....J@#.....+....####
#'#...#ยง#.#######.######
#.. #.....#..#........ ##
#.....+.#........#
#.....##..........
#+#.####..........
#.+.............
######..........
#..........


You could see a jelly (poisoned).

Vanquished Creatures
  Grinder (D:4)
  Sigmund (D:3)
  2 ogres (D:5)
  A phantom (D:4)
  A gnoll bouda (D:5)
  An orc priest (D:5)
  Jessica (D:3)
  An iguana (D:3)
  2 orc wizards
  Robin (D:2)
  2 gnolls (D:5)
  5 adders
  An ufetubus (D:5)
  A dart slug (D:2)
  8 orcs
  8 bats
  6 endoplasms
  5 giant cockroaches
  12 goblins
  12 hobgoblins
  3 ball pythons
  2 frilled lizards
  6 kobolds
  4 rats
87 creatures vanquished.

Vanquished Creatures (others)
  A plant (D:1)
1 creature vanquished.

Grand Total: 88 creatures vanquished

Notes
Turn   | Place    | Note
-------+----------+-------------------------------------------
     0 | D:1      | jasper the Deep Elf Venom Mage began the quest for the Orb.
     0 | D:1      | Reached XP level 1. HP: 10/10 MP: 6/6
   157 | D:1      | Reached XP level 2. HP: 15/15 MP: 4/8
   160 | D:1      | Learned a level 2 spell: Poisonous Vapours
   230 | D:1      | Found Cusohe's One-of-a-Kind Rings.
  1092 | D:2      | Identified the ring of the Morning {rElec Will++ rCorr MP+9
                  | Dex-5}
  1210 | D:2      | Found Miciwin's Magic Scroll Boutique.
  1246 | D:2      | Bought a scroll of teleportation for 33 gold pieces
  1246 | D:2      | Bought a scroll of identify for 22 gold pieces
  1277 | D:2      | Reached XP level 3. HP: 19/19 MP: 10/10
  1281 | D:2      | Learned a level 3 spell: Mephitic Cloud
  1315 | D:2      | Found a hide-covered altar of Uskayaw.
  1555 | D:2      | Reached skill level 4 in Spellcasting
  2076 | D:3      | Noticed Robin
  2100 | D:2      | Killed Robin
  2169 | D:3      | Reached skill level 1 in Conjurations
  2169 | D:3      | Reached XP level 4. HP: 17/24 MP: 12/12
  2174 | D:3      | Learned a level 4 spell: Olgreb's Toxic Radiance
  2273 | D:3      | Found a radiant altar of Vehumet.
  2287 | D:3      | Became a worshipper of Vehumet
  2298 | D:3      | Reached skill level 1 in Air Magic
  2337 | D:3      | Learned a level 1 spell: Apportation
  2388 | D:3      | Noticed Sigmund
  2407 | D:3      | Killed Sigmund
  2408 | D:3      | Reached skill level 6 in Spellcasting
  2408 | D:3      | Reached XP level 5. HP: 19/28 MP: 11/15
  2414 | D:3      | Learned a level 5 spell: Alistair's Intoxication
  2826 | D:3      | Reached XP level 6. HP: 32/32 MP: 17/17
  3059 | D:3      | Noticed Jessica
  3066 | D:3      | Killed Jessica
  3067 | D:3      | Reached skill level 5 in Poison Magic
  3565 | D:4      | Reached * piety under Vehumet
  3565 | D:4      | Offered knowledge of Kiss of Death by Vehumet.
  3616 | D:4      | Noticed Grinder
  3631 | D:4      | Killed Grinder
  3632 | D:4      | Reached skill level 8 in Spellcasting
  3632 | D:4      | Reached XP level 7. HP: 15/36 MP: 20/20
  3885 | D:4      | Found Xejig's Antique Armour Emporium.
  4274 | D:5      | Entered Level 5 of the Dungeon
  4385 | D:5      | Reached skill level 9 in Spellcasting
  4591 | D:5      | HP: 1/36 [acid (2)]
  4592 | D:5      | Slain by a jelly

Illustrated notes

Levels and vault maps discovered:
D:1:      dpeg_arrival_oval, layout_loops_ring, corner_web_ring,
          serial_bayou_pond_a, serial_bayou_pond_b,
          hangedman_decor_clover_reticule, nicolae_shop_unique_rings
D:2:      layout_loops_ring, serial_shops, shop, basic_altar,
          minmay_statues_item
D:3:      layout_basic, nicolae_vehumet_altar_sigil, uniq_robin, uniq_jessica,
          uniq_sigmund
D:4:      layout_rooms, nicolae_wooded_promenade, hangedman_decor_push,
          corexii_hall_statues_i, minmay_distorted, uniq_grinder
D:5:      nicolae_cairo_tiling_large, layout_rooms,
          minmay_temple_entry_overgrown, hex_intersection,
          grunt_decor_resistance

Skill      XL: |  1  2  3  4  5  6  7 |
---------------+----------------------+-----
Transmutations | 2 3 4 |  4.0
Spellcasting   | 4 6 8 9 |  9.5
Conjurations   | 1 |  1.0
Poison Magic   | 4 5 |  5.4
Air Magic      | 1 |  1.0
Dodging        | |  2.4
Stealth        | |  2.4

Action                     |  1- 3 |  4- 6 |  7- 9 || total
---------------------------+-------+-------+-------++-------
  Melee: Dagger            |     3 |       |       ||     3
         Short sword       |       |     8 |    50 ||    58
         Punch             |       |       |     2 ||     2
   Cast: Sting             |    58 |    45 |    19 ||   122
         Poisonous Vapours |    20 |    16 |       ||    36
         Olgreb's Toxic Ra |       |     7 |    11 ||    18
         Mephitic Cloud    |       |       |     2 ||     2
    Use: Scroll            |     4 |     5 |     2 ||    11
         Potion            |       |       |     1 ||     1
   Stab: Distracted        |       |       |     1 ||     1
 Armour: Robe              |     6 |     5 |     9 ||    20
  Dodge: Dodged            |     9 |    11 |    30 ||    50

Table legend: (Time is in decaauts)
 A = Elapsed time spent in this place.
 B = Non-inter-level travel time spent in this place.
 C = Inter-level travel time spent in this place.
 D = Time resting spent in this place.
 E = Time spent auto-exploring this place.
 F = Levels seen in this place.
 G = Mean time per level.
                   A        B        C        D        E       F      G
               +--------+--------+--------+--------+--------+-----+--------+
         Total |   4590 |   4478 |    112 |     10 |   3775 |   5 |  918.0 |
       Dungeon |   4590 |   4478 |    112 |     10 |   3775 |   5 |  918.0 |
               +--------+--------+--------+--------+--------+-----+--------+

Top non-repeatable levels by time:
     D:3: 1467 daAuts
     D:1: 1090 daAuts
     D:2: 924 daAuts
     D:4: 790 daAuts
     D:5: 317 daAuts
